[Event "*** Titled Tuesday Blitz"]
[Site "Chess.com"]
[Date "2019.11.05"]
[Round "4"]
[White "LuisFSiles"]
[Black "GianmarcoVaR"]
[Result "0-1"]
[WhiteElo "2306"]
[BlackElo "2521"]
[TimeControl "180+2"]
[EndTime "13:52:02 PST"]
[Termination "GianmarcoVaR won by resignation"]

1. e4 c5 2. Nf3 d6 3. d4 cxd4 4. Nxd4 Nf6 5. Nc3 a6 6. Be3 e5 7.
Nb3 Be6 8. f3 Nbd7 9. Qd2 b5 10.
O-O-O Be7 11. g4 b4 12. Nd5 Bxd5 13. exd5 Nb6 14. Qxb4 Nfxd5 15. Bxb6 Nxb6 16. Qe4 Qc7 17. f4 exf4 18. Re1 d5 19. Qb4 Kf8 20. Qa5 f3 21.
Bd3 g6 22. Rhf1 Bh4 23. Re3 Bg5 24. Rxf3 Re8 25. Qb4+ Kg7 26. Qd4+ Qe5 27. Qxe5+ Rxe5 28. Kd2 Rxe3 29. Rxe3 Re8 30. Bxa6 Rxe3 31. h4 Rxb3+ 32. hxg5 Rxb2 33. a4 Nxa4 34. Bd3 Rb4 0-1

[Event "*** Titled Tuesday Blitz"]
[Site "Chess.com"]
[Date "2019.11.05"]
[Round "4"]
[White "jlucasvf"]
[Black "MartinZumsande"]
[Result "1-0"]
[WhiteElo "2799"]
[BlackElo "2548"]
[TimeControl "180+2"]
[EndTime "13:52:07 PST"]
[Termination "jlucasvf won by resignation"]

1. e4 e6 2. Bb5 a6 3. Ba4 b5 4. Bb3 Bb7 5. Qe2 c5 6. d3 Nc6 7. c3 Nf6 8. f4 d5 9. e5 Nd7 10. Nf3 c4 11. Bc2 cxd3 12. Bxd3 Nc5 13. Be3 Nxd3+ 14.
Qxd3 Be7 15. O-O O-O 16. Nbd2 b4 17. Nb3 a5 18. Nbd4 Nxd4 19. Qxd4 Qd7 20. Rfd1 Rfc8 21. Rac1 Bc5 22. Qd2 bxc3 23. bxc3 Ba3 24. Rb1 Ba6 25. Bd4 Rab8 26. Qc2 g6 27. h4 Qc7 28. h5 Qc4 29. Ng5 Qe2 30. Qa4 Be7 31. hxg6 hxg6 32. Re1 Rxb1 33.
Rxb1 Bxg5 34. fxg5 Bd3 35. Qd1 Qxd1+ 36. Rxd1 Bc4 37.
Rb1 Bxa2 38. Ra1 Bc4 39. Rxa5 Rb8 40. Bc5 Bd3 41. Be7 Be4 42. Kf2 Kh7 43. Ra1 Rb1 44. Ra8 Rb2+ 45. Ke3 f5 46. gxf6 Rxg2 47. f7 Rg3+ 48.
Ke2 Rf3 49. f8=Q Rxf8 50. Rxf8 1-0

[Event "*** Titled Tuesday Blitz"]
[Site "Chess.com"]
[Date "2019.11.05"]
[Round "4"]
[White "csati17"]
[Black "GM_shahin"]
[Result "0-1"]
[WhiteElo "2526"]
[BlackElo "2736"]
[TimeControl "180+2"]
[EndTime "13:52:08 PST"]
[Termination "GM_shahin won by resignation"]

1. c4 e5 2. g3 Nf6 3. Bg2 d5 4. cxd5 Nxd5 5. Nc3 Nxc3 6. bxc3 Bc5 7. Nf3 Nc6 8. O-O O-O 9. Qa4 Re8 10. d3 Bb6 11.
Ng5 h6 12. Nf3 Bd7 13. Qc2 Qc8 14. Rd1 Bh3 15. Bh1 Qf5 16. Be3 Bxe3 17. fxe3 e4 18. dxe4 Qc5 19. Nd4 Qg5 20. Qd2 Rad8 21. Rab1 Ne5 22.
Qe1 Ng4 23. Rd3 c5 24. Nf3 Qe7 25. Rbd1 c4 26. Rxd8 Rxd8 27. Rxd8+ Qxd8 28. Qd2 Qb6 29. Bg2 Bxg2 30. Kxg2 Nxe3+ 31. Kf2 Ng4+ 32. Kg2 Qf2+ 33. Kh3 Ne3 34. Qd8+ Kh7 35. Kh4 Qxe2 36. Ne5 0-1

[Event "*** Titled Tuesday Blitz"]
[Site "Chess.com"]
[Date "2019.11.05"]
[Round "4"]
[White "SerGo055"]
[Black "SidArun"]
[Result "1-0"]
[WhiteElo "2523"]
[BlackElo "2168"]
[TimeControl "180+2"]
[EndTime "13:52:09 PST"]
[Termination "SerGo055 won by checkmate"]

1. d4 Nf6 2. Nf3 c5 3. c3 e6 4.
Bf4 d5 5. e3 Qb6 6. Qb3 c4 7.
Qc2 Nc6 8. Nbd2 Qa5 9. b4 cxb3 10.
Nxb3 Qd8 11. Be2 Bd6 12. Bg3 Bxg3 13. hxg3 Ne4 14. O-O h5 15. c4 Ng5 16. cxd5 exd5 17. Rfe1 Nxf3+ 18. Bxf3 h4 19. e4 O-O 20. exd5 Ne7 21. gxh4 Nxd5 22. g3 a5 23. Nc5 Nb4 24. Qd2 Rb8 25. a3 Nd5 26. Re5 Nf6 27. Rae1 b6 28. Ne4 Nxe4 29. Bxe4 Qd6 30. Qf4 Bb7 31. Bh7+ Kh8 32. Bb1 Rfd8 33. Re8+ Rxe8 34. Rxe8+ Rxe8 35. Qc1 Re1+ 36. Qxe1 Qd5 37. Qe8# 1-0

[Event "*** Titled Tuesday Blitz"]
[Site "Chess.com"]
[Date "2019.11.05"]
[Round "4"]
[White "Denis_Makhnyov"]
[Black "LastHeroJr"]
[Result "1-0"]
[WhiteElo "2913"]
[BlackElo "2597"]
[TimeControl "180+2"]
[EndTime "13:52:11 PST"]
[Termination "Denis_Makhnyov won by resignation"]

1. d4 Nf6 2. c4 g6 3. g3 Bg7 4. Bg2 O-O 5. Nc3 d6 6. Nf3 Nbd7 7. O-O e5 8. e4 exd4 9. Nxd4 Re8 10. Qc2 a6 11. h3 Rb8 12. Rd1 Ne5 13. c5 Qe7 14. cxd6 cxd6 15. Bg5 Be6 16. f4 Nc6 17. Nxe6 Qxe6 18.
Kh2 Rbc8 19. Qb3 Qxb3 20. axb3 h6 21. Bxf6 Bxf6 22. Rxd6 Be7 23. Rd7 Rb8 24. e5 Nb4 25.
Rad1 b5 26. h4 h5 27. Ra7 Bc5 28. Rc7 Bb6 29. Rcd7 Red8 30. Ne4 Rxd7 31. Rxd7 Bd8 32. Nd6 f6 33. e6 Nd3 34. Bd5 Nb4 35. e7+ 1-0

[Event "*** Titled Tuesday Blitz"]
[Site "Chess.com"]
[Date "2019.11.05"]
[Round "4"]
[White "KL31"]
[Black "Sanan_Sjugirov"]
[Result "0-1"]
[WhiteElo "2509"]
[BlackElo "2962"]
[TimeControl "180+2"]
[EndTime "13:52:12 PST"]
[Termination "Sanan_Sjugirov won on time"]

1. d4 g6 2. Nf3 Bg7 3. c4 d6 4.
Nc3 Nc6 5. e4 Bg4 6. d5 Nd4 7.
Be2 Bxf3 8. Bxf3 c5 9. O-O Nf6 10. Qd3 Nd7 11. Bd1 O-O 12. f4 a6 13. Kh1 Rb8 14.
a4 Qa5 15. Ra3 Rbe8 16. Ne2 e6 17. Bd2 Qd8 18. Bc3 exd5 19. exd5 Nxe2 20. Bxe2 Bxc3 21.
Rxc3 Nf6 22. Bf3 Re7 23. Qd2 Qd7 24. b3 Rfe8 25. Rcc1 Qf5 26. h3 h5 27. Rf2 Re3 28.
Bd1 Rd3 29. Qb2 Re1+ 30. Kh2 Rdxd1 31. Rxd1 Rxd1 32. Qe2 Qb1 33. Qe7 h4 0-1

[Event "*** Titled Tuesday Blitz"]
[Site "Chess.com"]
[Date "2019.11.05"]
[Round "4"]
[White "Alex_Molchanov"]
[Black "Feegus"]
[Result "1-0"]
[WhiteElo "2624"]
[BlackElo "2353"]
[TimeControl "180+2"]
[EndTime "13:52:12 PST"]
[Termination "Alex_Molchanov won on time"]

1. Nf3 Nf6 2. c4 g6 3. Nc3 Bg7 4. e4 e5 5. d4 exd4 6. Nxd4 O-O 7. Be3 Re8 8. f3 c6 9. Nc2 d5 10. cxd5 cxd5 11. Bb5 Bd7 12. Bxd7 Qxd7 13. Nxd5 Nxd5 14. Qxd5 Qxd5 15. exd5 Bxb2 16. Rb1 Bc3+ 17. Kf2 b6 18. Nb4 Nd7 19. Nc6 Ne5 20. Rb3 Nd3+ 21. Kg3 Be1+ 22.
Rxe1 Nxe1 23. Rc3 Nc2 24. Bc1 Ne1 25. Kf2 h5 26. Be3 f5 27. g3 g5 28. Bxg5 h4 29. Be3 hxg3+ 30. hxg3 f4 31. Bxf4 Kf7 32. d6 Re6 33. d7 1-0

[Event "*** Titled Tuesday Blitz"]
[Site "Chess.com"]
[Date "2019.11.05"]
[Round "4"]
[White "arminmusovic"]
[Black "Gubajdullin"]
[Result "1-0"]
[WhiteElo "2434"]
[BlackElo "2601"]
[TimeControl "180+2"]
[EndTime "13:52:15 PST"]
[Termination "arminmusovic won on time"]

1. a3 e5 2. Nc3 Nc6 3. e4 Bc5 4.
Nf3 d6 5. h3 a6 6. Bc4 Nf6 7. O-O O-O 8. d3 h6 9. Be3 Nd7 10. Nd5 Kh7 11. b4 Ba7 12. c3 Ne7 13. Bxa7 Rxa7 14. Nh2 Ng6 15. Ne3 c6 16. Nf5 b5 17.
Bb3 Nb6 18. Ne3 a5 19. d4 Qg5 20. Nf3 Qf6 21. dxe5 dxe5 22. c4 axb4 23. c5 Nc4 24. Bxc4 bxc4 25. Nxc4 bxa3 26. Qd6 a2 27. Nfxe5 Nxe5 28. Nxe5 Re8 29. Nxc6 Ra4 30. Qxf6 gxf6 31. f3 Bd7 32. Rf2 Rea8 33. Ne7 Bb5 34. c6 R8a7 35. Nd5 Kg7 36. Nc3 Rb4 37. Raxa2 1-0

[Event "*** Titled Tuesday Blitz"]
[Site "Chess.com"]
[Date "2019.11.05"]
[Round "4"]
[White "Pilopa"]
[Black "Msb2"]
[Result "0-1"]
[WhiteElo "2560"]
[BlackElo "2843"]
[TimeControl "180+2"]
[EndTime "13:52:16 PST"]
[Termination "Msb2 won on time"]

1. d4 d5 2. Nf3 Nf6 3. e3 Bf5 4. Bd3 e6 5. O-O Bd6 6. Qe2 O-O 7. Nbd2 Bxd3 8. Qxd3 c5 9. e4 c4 10. Qe2 Be7 11. c3 Nc6 12. Re1 Re8 13. e5 Nd7 14. Nf1 b5 15. Ng3 b4 16. Nh5 Nf8 17. Bd2 Rb8 18.
h4 bxc3 19. bxc3 Rb2 20. Rab1 Qb6 21. Rxb2 Qxb2 22. Ng5 Ng6 23. g3 Qc2 24. Rc1 Qxa2 25. Qd1 Qb3 26. Qf3 Rf8 27. Nxg7 Kxg7 28. Qh5 Rh8 29.
Qf3 Nd8 30. h5 h6 31. Nxf7 Nxf7 32. hxg6 Nd8 33. Ra1 Qb7 34. Qg4 Qd7 35. f4 h5 36.
Qf3 Kxg6 37. f5+ exf5 38. Ra6+ Ne6 39. Ra5 Qb7 40. Kh2 Qb2 41. Qe2 Bg5 42. Ra6 Re8 0-1

[Event "*** Titled Tuesday Blitz"]
[Site "Chess.com"]
[Date "2019.11.05"]
[Round "4"]
[White "Alexander_Zubov"]
[Black "JSPrepz"]
[Result "1-0"]
[WhiteElo "2959"]
[BlackElo "2825"]
[TimeControl "180+2"]
[EndTime "13:52:18 PST"]
[Termination "Alexander_Zubov won by resignation"]

1. d4 Nf6 2. Nf3 c5 3. d5 b5 4. c4 g6 5. cxb5 a6 6. bxa6 Bg7 7. Nc3 O-O 8. a7 Rxa7 9. e4 e6 10. Bc4 exd5 11. Nxd5 Nxe4 12. O-O Nc6 13. Re1 Re8 14. Bf4 Nd4 15. Bc7 Rxc7 16. Nxc7 Qxc7 17. Ng5 Qf4 18.
Bxf7+ Kf8 19. Bxe8 Nxg5 20. Re3 Be5 21. Rg3 Kxe8 22.
Qd3 Ne4 23. Rf1 Nxg3 24. hxg3 Qf5 25. Qxf5 Nxf5 26. Re1 d6 27. f4 Nxg3 28. fxe5 d5 29. a4 d4 30. Kf2 Nf5 31. Rc1 d3 32. Rxc5 Ba6 33. Rd5 Ke7 34. Ke1 Bc4 35. Rc5 Ba6 36. b4 Nd4 37. b5 Bb7 38. Rc7+ Ke6 39. Rxb7 Kxe5 40. Re7+ Kd6 41. Rxh7 Nb3 42. b6 Nc5 43. b7 Na6 44. Kd2 1-0

[Event "*** Titled Tuesday Blitz"]
[Site "Chess.com"]
[Date "2019.11.05"]
[Round "4"]
[White "Vamostodorecto"]
[Black "Rhinos1"]
[Result "1-0"]
[WhiteElo "2439"]
[BlackElo "2060"]
[TimeControl "180+2"]
[EndTime "13:52:18 PST"]
[Termination "Vamostodorecto won on time"]

1. d4 Nf6 2. c4 g6 3. Nc3 Bg7 4.
e4 d6 5. Be2 O-O 6. Nf3 e5 7. O-O Nc6 8. d5 Ne7 9. Ne1 Nd7 10. Be3 f5 11. f3 f4 12. Bf2 g5 13.
Rc1 h5 14. c5 Nxc5 15. b4 Na6 16. Nb5 Ng6 17. Rc4 Rf7 18. Qc2 g4 19. Kh1 Bf8 20. Nd3 Rg7 21. Rc1 Nh4 22. Ne1 g3 23. Bg1 gxh2 24.
Bf2 Bd7 25. Nxc7 Nxc7 26. Rxc7 Qg5 27. Bf1 Ng6 28. Rxb7 h4 29. Rxa7 Re8 30. Rxd7 Rxd7 31.
Bb5 Ree7 32. Bxd7 Rxd7 33. Qc8 Qe7 34. b5 h3 35. b6 hxg2+ 36. Nxg2 Qg7 37. Rc7 Rxc7 38.
bxc7 1-0

[Event "*** Titled Tuesday Blitz"]
[Site "Chess.com"]
[Date "2019.11.05"]
[Round "4"]
[White "politeplayer"]
[Black "GelmanAlexander"]
[Result "0-1"]
[WhiteElo "2222"]
[BlackElo "2494"]
[TimeControl "180+2"]
[EndTime "13:52:19 PST"]
[Termination "GelmanAlexander won by resignation"]

1. e4 c5 2. Nf3 e6 3. d4 cxd4 4. Nxd4 d6 5. Nc3 a6 6. Be2 Nf6 7. O-O Be7 8. Kh1 Qc7 9. Be3 Nc6 10. f4 Bd7 11. Nb3 b5 12. Bf3 Rc8 13. Qe1 h5 14. f5 Ne5 15. fxe6 fxe6 16. Nd4 Nc4 17.
Bg5 Nxb2 18. Nce2 Qc5 19. Qg3 Nc4 20. Bxf6 Bxf6 21. Qg6+ Ke7 22. c3 Ne5 23. Qg3 h4 24. Qf2 h3 25. g3 Rhf8 26. Rac1 g5 27. Qe3 g4 28. Nf4 gxf3 29. Nf5+ exf5 30. Nd5+ Kd8 31.
Qh6 Be7 32. Nxe7 Kxe7 33. Rcd1 fxe4 34. Qg5+ Rf6 35. Rd4 f2 36. Rxe4 Bc6 37. Qg7+ Rf7 38. Qg5+ Kd7 0-1

[Event "*** Titled Tuesday Blitz"]
[Site "Chess.com"]
[Date "2019.11.05"]
[Round "4"]
[White "FearNoEvil12"]
[Black "colegiodemadrid"]
[Result "0-1"]
[WhiteElo "1962"]
[BlackElo "2410"]
[TimeControl "180+2"]
[EndTime "13:52:19 PST"]
[Termination "colegiodemadrid won by resignation"]

1. e4 c5 2. Nc3 e6 3. f4 a6 4. a4 Nc6 5. d3 d5 6. Nf3 Nf6 7. Qe2 h5 8. g3 dxe4 9. dxe4 Nd4 10. Nxd4 cxd4 11. Nd1 Bb4+ 12. c3 dxc3 13. bxc3 Bc5 14. Bg2 Qc7 15. Be3 Bd7 16. O-O Ng4 17. Bxc5 Qxc5+ 18. Kh1 e5 19. h3 exf4 20. gxf4 Be6 21. Rf3 Bc4 22. Qe1 Rd8 23. Ne3 Nxe3 24. Qxe3 Qxe3 25. Rxe3 Ke7 26. Rb1 b5 27. axb5 axb5 28. e5 Rd2 29.
Bf1 Bd5+ 30. Kg1 Rh6 31. Rg3 Rc6 32. Rxb5 Rd1 33. Rb4 Bc4 34. Rf3 Be2 35. Rf2 Bxf1 36. Rxf1 Rd3 37. c4 Rxh3 38. Rc1 Ke6 39. c5 Rd3 40.
Rb7 Rd5 41. Rb5 Rd4 42. Rb6 Kd5 43. Rxc6 Kxc6 44. Rf1 Kxc5 45. Kg2 Rd3 46. Rh1 g6 47. Rf1 Kd5 48. f5 Kxe5 49. fxg6 fxg6 50. Rf8 g5 51.
Rg8 Kf4 52. Rh8 Kg4 53. Rc8 Rd2+ 54. Kg1 Kh3 55. Rc3+ Kh4 56. Kh1 g4 57. Kg1 g3 58.
Kf1 Kh3 59. Ke1 Ra2 60. Rc5 h4 61. Rg5 Kh2 62. Kf1 h3 0-1

[Event "*** Titled Tuesday Blitz"]
[Site "Chess.com"]
[Date "2019.11.05"]
[Round "4"]
[White "SaraciNderim"]
[Black "ChessWarrior7197"]
[Result "0-1"]
[WhiteElo "2812"]
[BlackElo "2950"]
[TimeControl "180+2"]
[EndTime "13:52:20 PST"]
[Termination "ChessWarrior7197 won on time"]

1. d4 Nf6 2. Nf3 e6 3. g3 b5 4. Bg2 Bb7 5. O-O c5 6. e3 Be7 7.
b3 O-O 8. Bb2 d5 9. dxc5 Bxc5 10. Nbd2 Nbd7 11. Ne5 Nxe5 12. Bxe5 b4 13. c3 bxc3 14.
Bxc3 Be7 15. b4 Rc8 16. Qb3 Nd7 17. a4 Nb6 18. a5 Nc4 19. Nxc4 dxc4 20. Qb2 Bxg2 21.
Kxg2 Bf6 22. Bxf6 gxf6 23. Rfd1 Qe7 24. Qc3 Rfd8 25. Rac1 Kg7 26. h3 Qb7+ 27. Kg1 Qe4 28. b5 Rxd1+ 29. Rxd1 Rc5 30. Rd4 Qb1+ 31. Kg2 Qxb5 32.
Rg4+ Rg5 33. Rxc4 Qd5+ 34. Kh2 Qxa5 35. Qd4 h5 36. Rc8 Rd5 37. Qc4 Qd2 38. Qc2 Qe1 39.
Kg2 Rd2 0-1

[Event "*** Titled Tuesday Blitz"]
[Site "Chess.com"]
[Date "2019.11.05"]
[Round "4"]
[White "Nazar-Nazar"]
[Black "Zaven_ChessMood"]
[Result "0-1"]
[WhiteElo "2496"]
[BlackElo "2851"]
[TimeControl "180+2"]
[EndTime "13:52:20 PST"]
[Termination "Zaven_ChessMood won by resignation"]

1. d4 Nf6 2. Nf3 g6 3. c4 Bg7 4.
Nc3 O-O 5. e4 d6 6. Be2 Nbd7 7.
Be3 e5 8. d5 a5 9. Nd2 Ne8 10.
O-O f5 11. f3 f4 12. Bf2 h5 13. a3 g5 14. b4 Ndf6 15. bxa5 g4 16. Bh4 Qd7 17.
c5 Qf7 18. cxd6 cxd6 19. Kh1 Qg6 20. Na4 Rf7 21. Nb6 Rb8 22. Rc1 Bd7 23. Nxd7 Rxd7 24.
Nc4 Bf8 25. Nb6 Rg7 26. Rg1 Be7 27. Qe1 Bd8 28. Rc8 Rxc8 29. Nxc8 Rc7 30. Nb6 Rg7 31. Qc1 Nxe4 32. Be1 gxf3 33. Bxf3 Ng5 34. Qd1 Nf6 35. Bh4 Nge4 36. Qe1 Nc5 37. Bxf6 Bxf6 38. Nc4 e4 39. Nxd6 exf3 40. Qe8+ Qxe8 41. Nxe8 fxg2+ 42. Rxg2 Rxg2 43. Kxg2 Be5 44. d6 Kf7 45. a6 bxa6 46. Nc7 Bxd6 47. Nd5 Ke6 48. Nb4 Kf5 49. Kf3 Nd7 50. Nxa6 Ne5+ 51. Kf2 Bxa3 52. Nc7 Bc5+ 53. Kf1 f3 54. Nd5 Ng4 55. h3 Nh2+ 0-1

[Event "*** Titled Tuesday Blitz"]
[Site "Chess.com"]
[Date "2019.11.05"]
[Round "4"]
[White "KhalilMousavi77"]
[Black "mikhaillushenkov"]
[Result "1-0"]
[WhiteElo "2899"]
[BlackElo "2704"]
[TimeControl "180+2"]
[EndTime "13:52:26 PST"]
[Termination "KhalilMousavi77 won by resignation"]

1. c4 e6 2. Nf3 d5 3. d4 Nf6 4. e3 c6 5. Nbd2 c5 6. dxc5 Bxc5 7. Qc2 Be7 8. Bd3 Nc6 9. a3 d4 10. exd4 Nxd4 11. Nxd4 Qxd4 12. Nf3 Qd8 13. O-O Qc7 14. b3 b6 15. Bb2 Bb7 16. Ne5 Rd8 17. Rad1 O-O 18. Rfe1 a5 19. h3 Bc5 20. Qc3 Kh8 21.
Bb1 Rxd1 22. Rxd1 Be7 23. Qg3 Kg8 24. Nd7 Qxg3 25. fxg3 Nxd7 26. Rxd7 Bc5+ 27. Bd4 Bc6 28. Bxc5 Bxd7 29. Bxf8 Kxf8 30. g4 h6 31. Kf2 Ke7 32. b4 axb4 33. axb4 Kd6 34. Ke3 g5 35. Kd4 e5+ 36.
Ke3 f6 37. Be4 Ba4 38. Kd3 Be8 39. Kc3 h5 40. gxh5 Bxh5 41. Bf5 Bf7 42. g3 Bh5 43. h4 gxh4 44. gxh4 Bf3 45. Kd3 Bh5 46. Ke3 Bd1 47. Bg6 Ke6 48. h5 f5 49. h6 f4+ 50. Kd2 1-0

[Event "*** Titled Tuesday Blitz"]
[Site "Chess.com"]
[Date "2019.11.05"]
[Round "4"]
[White "Gordima"]
[Black "cool4chess"]
[Result "0-1"]
[WhiteElo "2774"]
[BlackElo "2562"]
[TimeControl "180+2"]
[EndTime "13:52:27 PST"]
[Termination "cool4chess won by checkmate"]

1. e4 e5 2. Bc4 Nf6 3. d3 Nc6 4. Nf3 Bc5 5. c3 a6 6. a4 O-O 7.
O-O h6 8. Re1 d6 9. Nbd2 Be6 10.
Bxe6 fxe6 11. Nf1 d5 12. Ng3 Qd7 13. Qc2 Rae8 14. h3 Nh7 15. Be3 d4 16. cxd4 Bxd4 17. Nxd4 exd4 18. Bd2 Qf7 19. f4 g5 20. Rf1 gxf4 21.
Rxf4 Qe7 22. Rg4+ Kh8 23. Bxh6 Rg8 24. Nh5 Rxg4 25. hxg4 Rg8 26. Rf1 Rxg4 27. Qe2 Qh4 28. Nf4 Ne5 29. Nxe6 Qxh6 30. Nxd4 Rh4 31. Nf5 Rh1+ 32.
Kf2 Qf4+ 33. Ke1 Qc1+ 34. Kf2 Ng4+ 35. Qxg4 Rxf1+ 36. Kg3 Qe1+ 37. Kh3 Rh1# 0-1

[Event "*** Titled Tuesday Blitz"]
[Site "Chess.com"]
[Date "2019.11.05"]
[Round "4"]
[White "RiskyDecision"]
[Black "raswi"]
[Result "1-0"]
[WhiteElo "2526"]
[BlackElo "2221"]
[TimeControl "180+2"]
[EndTime "13:52:29 PST"]
[Termination "RiskyDecision won by checkmate"]

1. d4 Nf6 2. c4 g6 3. g3 Bg7 4.
Bg2 O-O 5. Nc3 d6 6. Nf3 Nc6 7. O-O a6 8. Bf4 Rb8 9. Rc1 h6 10. h3 g5 11. Be3 g4 12. hxg4 Nxg4 13. Qd2 Nxe3 14. Qxe3 e5 15. dxe5 Re8 16. Rfd1 Nxe5 17. c5 Bg4 18. Qf4 Bxf3 19. exf3 Ng6 20. Qc4 Ne5 21. Qb3 Re6 22. f4 Nc6 23. Bd5 Re7 24. cxd6 cxd6 25. Ne4 Nd4 26. Qc4 b5 27. Qd3 Qb6 28.
Kg2 Nf5 29. Nf6+ Bxf6 30. Qxf5 Bxb2 31. Rc6 Qa5 32. Rh1 Bg7 33. Rc8+ Rxc8 34. Qxc8+ Bf8 35.
Rxh6 Qe1 36. Rg6+ Kh7 37. Rg5 Re2 38. Qf5+ Kh8 39. Rh5+ Bh6 40. Rxh6+ Kg8 41. Qxf7# 1-0

[Event "*** Titled Tuesday Blitz"]
[Site "Chess.com"]
[Date "2019.11.05"]
[Round "4"]
[White "LimeInTheCoconut"]
[Black "Bryakin_Mikhail"]
[Result "1-0"]
[WhiteElo "2466"]
[BlackElo "2698"]
[TimeControl "180+2"]
[EndTime "13:52:32 PST"]
[Termination "LimeInTheCoconut won by checkmate"]

1. Nf3 d5 2. e3 Nf6 3. c4 c6 4.
Nc3 e6 5. b3 Be7 6. Bb2 O-O 7.
Qc2 Nbd7 8. d4 b6 9. Bd3 Bb7 10. O-O c5 11. Rad1 h6 12. Qe2 dxc4 13. bxc4 cxd4 14.
exd4 Re8 15. Ne5 Qc8 16. Rfe1 Nxe5 17. dxe5 Nd7 18. Ne4 Nc5 19. Nd6 Bxd6 20. exd6 Nxd3 21. Qxd3 Qd7 22. Qg3 f5 23. Qe5 Rac8 24. Qd4 Rc5 25.
Re5 Rxe5 26. Qxe5 Bc6 27. Rd3 Rf8 28. Rg3 Rf7 29. Rg6 b5 30. cxb5 Bd5 31. a4 Kh7 32. Rg3 Qb7 33. f3 a6 34. Bd4 axb5 35. axb5 f4 36.
Rg4 g5 37. h4 Bxf3 38. gxf3 Qxf3 39. Qh8+ Kg6 40. Qg8+ Kh5 41. Rxg5+ Kxh4 42. Rg2 Qd1+ 43. Kh2 Rf5 44. Bf2+ Kh5 45. Qg6# 1-0

[Event "*** Titled Tuesday Blitz"]
[Site "Chess.com"]
[Date "2019.11.05"]
[Round "4"]
[White "13MiRacLe"]
[Black "Knight8700"]
[Result "1-0"]
[WhiteElo "2613"]
[BlackElo "2404"]
[TimeControl "180+2"]
[EndTime "13:52:32 PST"]
[Termination "13MiRacLe won by resignation"]

1. e4 e5 2. Nf3 Nc6 3. Bb5 Nf6 4.
O-O d6 5. d4 exd4 6. Nxd4 Bd7 7.
Bxc6 bxc6 8. Qf3 c5 9. Nf5 g6 10. Bg5 gxf5 11. e5 Rg8 12. Bxf6 Qc8 13. Nc3 Rb8 14.
Rfe1 Be6 15. Nd5 c6 16. Nf4 d5 17. b3 Rb4 18. c4 dxc4 19. Rad1 Be7 20. Nh5 cxb3 21. axb3 Rxb3 22. Qf4 Rg6 23. Bxe7 Kxe7 24. Nf6 Kf8 25. Qh4 h6 26. Nh5 Rg5 27. Nf4 Kg7 28.
Rd6 Rb4 29. g3 a5 30. Red1 Rd4 31. R1xd4 cxd4 32. Nxe6+ fxe6 33. f4 Rg6 34. Qe7+ Kh8 35. Rd8+ Qxd8 36. Qxd8+ Rg8 37. Qxd4 Ra8 38. Qa4 c5 39. Kf2 c4 40. Ke2 c3 41. Kd3 Rc8 42.
Kc2 1-0

[Event "*** Titled Tuesday Blitz"]
[Site "Chess.com"]
[Date "2019.11.05"]
[Round "4"]
[White "Manukyan_Artak"]
[Black "littleplotkin"]
[Result "1/2-1/2"]
[WhiteElo "2388"]
[BlackElo "2652"]
[TimeControl "180+2"]
[EndTime "13:52:32 PST"]
[Termination "Game drawn by repetition"]

1. e4 c5 2. Nf3 Nc6 3. c3 Nf6 4.
e5 Nd5 5. d4 cxd4 6. cxd4 d6 7.
Nc3 Nxc3 8. bxc3 dxe5 9. d5 e4 10. Ng5 Ne5 11. Nxe4 e6 12. Bf4 Qxd5 13. Qxd5 exd5 14.
Bxe5 dxe4 15. Bb5+ Bd7 16. Bxd7+ Kxd7 17. O-O-O+ Ke6 18. Bd4 Rc8 19. Kb2 Bc5 20. Rhe1 f5 21. f3 Bxd4 22.
Rxd4 Rhd8 23. fxe4 f4 24. Red1 Rxd4 25. cxd4 g5 26. Kb3 g4 27. Rf1 Rf8 28. Kc4 h5 29. Kd3 h4 30. a4 b6 31. Rf2 Kd6 32. Rf1 Kc6 33. Kc4 Kd6 34. Kd3 a6 35. Kc4 Ke6 36. Rf2 Rf7 37. Rf1 Kd6 38. Rf2 Rf8 39. Rf1 f3 40.
gxf3 gxf3 41. e5+ Ke6 42. Kd3 b5 43. axb5 axb5 44. Ke4 f2 45. d5+ Ke7 46. Ke3 b4 47. Kd3 b3 48. Kc3 Rf3+ 49. Kb2 Kd7 50. Ka3 Kc7 51.
Kb2 Kb6 52. e6 Kc7 53. Kc1 Kd6 54. Kd2 Rf5 55. Kc3 Rf3+ 56. Kd2 Rf8 57. Kc3 Rf3+ 58.
Kd2 1/2-1/2

[Event "*** Titled Tuesday Blitz"]
[Site "Chess.com"]
[Date "2019.11.05"]
[Round "4"]
[White "Astaneh"]
[Black "twitchTriniCupid"]
[Result "1-0"]
[WhiteElo "2642"]
[BlackElo "2430"]
[TimeControl "180+2"]
[EndTime "13:52:34 PST"]
[Termination "Astaneh won by resignation"]

1. d4 Nf6 2. Nf3 e6 3. Bf4 c5 4.
e3 Qb6 5. Nc3 a6 6. Rb1 d5 7. dxc5 Bxc5 8. Na4 Qa5+ 9. c3 Ba7 10.
Bd6 Bd7 11. b3 b5 12. Nb2 Qxc3+ 13. Qd2 Qxd2+ 14. Nxd2 Nc6 15. Nd3 Nd8 16. Be2 Nb7 17. Ba3 Rc8 18. O-O a5 19. Ne5 Rc2 20. Nxd7 Nxd7 21.
Rb2 Rxb2 22. Bxb2 Nd6 23. Bxg7 Rg8 24. Bb2 Bc5 25. Rc1 Ke7 26. Nf3 Rc8 27. Kf1 f6 28. Bd3 h6 29. Ke2 a4 30. Nd4 axb3 31. axb3 Bxd4 32.
exd4 Rxc1 33. Bxc1 e5 34. dxe5 Nxe5 35. Bxh6 b4 36. Bd2 Ne4 37. Bxb4+ Ke6 38. f3 Nd6 39. g4 Ndf7 40. h4 d4 41. Bf5+ Kd5 42. Be4+ Ke6 43. Bc5 d3+ 44. Bxd3 Nxd3 45. Kxd3 Ne5+ 46. Ke4 Nc6 47.
b4 Ne5 1-0

[Event "*** Titled Tuesday Blitz"]
[Site "Chess.com"]
[Date "2019.11.05"]
[Round "4"]
[White "Oligan22"]
[Black "Sjakkerntobi"]
[Result "1-0"]
[WhiteElo "2467"]
[BlackElo "2113"]
[TimeControl "180+2"]
[EndTime "13:52:34 PST"]
[Termination "Oligan22 won by checkmate"]

1. e4 c5 2. Nf3 e6 3. d4 cxd4 4.
Nxd4 Nc6 5. Nc3 Qc7 6. Be3 a6 7. Qf3 Bd6 8. O-O-O Be5 9. Nde2 b5 10. Qg4 Nf6 11. Qh3 b4 12. Na4 Nxe4 13. f4 Bf6 14. Bb6 Qb8 15. g4 g6 16. Bg2 Nd6 17. Qd3 Nb7 18. g5 Bg7 19. h4 d5 20. h5 Nd6 21.
h6 Bf8 22. Rhe1 Be7 23. Nd4 Nxd4 24. Qxd4 Rg8 25. Bxd5 exd5 26. Qxd5 Be6 27. Rxe6 fxe6 28. Qxe6 Kf8 29. Bc5 Nf5 30. Qf6+ Ke8 31. Qc6+ Kf8 32.
Qe4 Bxc5 33. Nxc5 Qe8 34. Qxb4 Kf7 35. Qc4+ Kf8 36. Ne6+ Ke7 37. Nc7 Qf7 38. Re1+ Kf8 39. Qc5+ Ne7 40. Ne6+ Ke8 41. Nc7+ Kd8 42. Qd6+ Kc8 43.
Rxe7 Qf5 44. Ne6 Qa5 45. Qd7+ Kb8 46. Qb7# 1-0

[Event "*** Titled Tuesday Blitz"]
[Site "Chess.com"]
[Date "2019.11.05"]
[Round "4"]
[White "AyelenChess"]
[Black "MissingLife"]
[Result "1-0"]
[WhiteElo "2044"]
[BlackElo "2401"]
[TimeControl "180+2"]
[EndTime "13:52:34 PST"]
[Termination "AyelenChess won by checkmate"]

1. e4 e6 2. d4 d5 3. Nc3 Bb4 4. e5 Ne7 5. a3 Bxc3+ 6. bxc3 c5 7. Qg4 Nf5 8. Bd3 h5 9. Qf4 g6 10. Ne2 Nc6 11. O-O c4 12. Bxf5 gxf5 13. Qg5 Qxg5 14.
Bxg5 Rg8 15. h4 Bd7 16. Nf4 Rh8 17. Rab1 b6 18. Rfe1 Rb8 19. Re3 a6 20. Rg3 Ne7 21.
Bf6 Rg8 22. Rxg8+ Nxg8 23. Nxh5 Ba4 24. Rc1 b5 25. Bg7 f6 26. Bxf6 Kf7 27. Bg5 a5 28.
Nf4 b4 29. axb4 axb4 30. cxb4 Rxb4 31. h5 c3 32. h6 Nxh6 33. Bxh6 Rxd4 34. Ne2 Rc4 35. Nf4 Re4 36. Ra1 Ke7 37. Bg5+ Kd7 38. Nd3 Kc6 39. f3 Rc4 40. Ne1 d4 41. Kf2 Bxc2 42.
Nxc2 d3 43. Na3 Rb4 44. Ke3 d2 45. Kd3 Rb3 46. Kc2 Rb2+ 47. Kxc3 d1=Q 48. Rxd1 Rxg2 49. Bf4 Rf2 50. Rd3 Ra2 51. Nc4 Kc5 52. Be3+ Kb5 53. Rd6 Re2 54. Rb6+ Ka4 55. Rb4# 1-0

[Event "*** Titled Tuesday Blitz"]
[Site "Chess.com"]
[Date "2019.11.05"]
[Round "4"]
[White "PowerThinking2650"]
[Black "Eloist"]
[Result "0-1"]
[WhiteElo "2312"]
[BlackElo "2260"]
[TimeControl "180+2"]
[EndTime "13:52:35 PST"]
[Termination "Eloist won on time"]

1. e4 e6 2. d4 d5 3. Nd2 Nf6 4. e5 Nfd7 5. Bd3 c5 6. c3 b6 7. Ne2 Ba6 8. Bb1 Nc6 9. Nf3 cxd4 10. cxd4 Bb4+ 11. Bd2 Qe7 12. O-O Bxd2 13. Qxd2 Qb4 14.
Qxb4 Nxb4 15. Re1 Nd3 16. Bxd3 Bxd3 17. Rac1 Ke7 18. Nf4 Be4 19. Nd2 Bf5 20. f3 g5 21.
Nh5 Bg6 22. g4 Bxh5 23. gxh5 Rac8 24. Kf2 f6 25. Nb3 Rhf8 26. Kg3 a5 27. a4 h6 28. h4 gxh4+ 29. Kxh4 fxe5 30. Rxc8 Rxc8 31. dxe5 Rc4+ 32. Kg3 Rb4 33. Nd2 Rxb2 34. Nf1 Rb4 35. Nh2 Rxa4 36. Ng4 b5 37. Nxh6 b4 38. Kg4 b3+ 39.
Kg5 b2 40. Rb1 Rb4 41. f4 a4 42. Ng4 a3 43. h6 Nf8 44. f5 exf5 45. Ne3 a2 46.
Nxd5+ Ke6 47. Nf4+ Rxf4 48. Rxb2 Rg4+ 49. Kh5 a1=Q 0-1